 Dungeon Crawl Stone Soup version 0.31.0-32-g396128a36d (webtiles) character file.

Game seed: 6054366077227606782

1416 Ijustatesigmund the Magician (level 8, -6/46 (54) HPs)
             Began as an Octopode Conjurer on Mar 22, 2024.
             Was a Follower of Cheibriados.
             Mangled by Edmund
             ... wielding a +5 flail of draining
              (15 damage)
             ... on level 6 of the Dungeon.
             The game lasted 00:10:26 (6733 turns).

Ijustatesigmund the Magician (Octopode Conjurer)    Turns: 6733, Time: 00:10:26

HP:   -6/46 (54)    AC:  1    Str:  8    XL:     8   Next: 71%
MP:   17/24         EV: 18    Int: 23    God:    Cheibriados [*.....]
Gold: 170           SH:  0    Dex: 12    Spells: 10/17 levels left

rFire   + . .        e - +0 hand axe (elec)
rCold   . . .        (no shield)
rNeg    + + .        (helmet restricted)
rPois   .            B - amulet of regeneration
rElec   .            u - ring "Irath" {rF+ rN++ EV+5 Int-2 SInv}
rCorr   .            C - ring of magical power
SInv    +            (no ring)
Will    .....        (no ring)
Stlth   +++          (no ring)
HPRegen 1.07/turn    (no ring)
MPRegen 0.19/turn    (no ring)
                     (no ring)

%: no passive effects
@: mighty, hasted, heavily drained, quick
A: almost no armour, amphibious, 8 rings, camouflage 1, gelatinous body 1,
(nimble swimmer 1), tentacles
a: Renounce Religion, Bend Time


You were on level 6 of the Dungeon.
You worshipped Cheibriados.
Cheibriados was aware of your devotion.
You visited 2 branches of the dungeon, and saw 7 of its levels.

You collected 370 gold pieces.
You spent 200 gold pieces at shops.

Inventory:

Hand Weapons
 e - a +0 hand axe of electrocution (weapon)
Jewellery
 c - an amulet of the acrobat
 u - the ring "Irath" (left tentacle) {rF+ rN++ EV+5 Int-2 SInv}
   (You found it on level 4 of the Dungeon)

   [ring of evasion]

   EV+5:      It affects your evasion (+5).
   Int-2:     It affects your intelligence (-2).
   rF+:       It protects you from fire.
   rN++:      It greatly protects you from negative energy.
   SInv:      It lets you see invisible.
 B - an amulet of regeneration (around mantle)
 C - a ring of magical power (right tentacle)
Wands
 l - a wand of polymorph (5)
 y - a wand of flame (15)
 D - a wand of roots (2)
Scrolls
 b - a scroll of fear {unknown}
 d - 2 scrolls of poison {unknown}
 g - 6 scrolls of identify {unknown}
 h - 4 scrolls of teleportation {unknown}
 j - a scroll of acquirement {unknown}
 k - 2 scrolls of blinking {unknown}
 m - 5 scrolls of enchant weapon {unknown}
 p - a scroll of vulnerability {unknown}
 q - 2 scrolls of amnesia {unknown}
 r - a scroll of enchant armour {unknown}
 t - a scroll of fog {unknown}
 v - 2 scrolls of summoning {unknown}
Potions
 a - 2 potions of magic
 f - 3 potions of might
 i - 4 potions of curing
 n - 2 potions of ambrosia {unknown}
 o - 4 potions of haste
 s - a potion of mutation {unknown}
 w - a potion of heal wounds {unknown}
 x - a potion of attraction {unknown}
 z - a potion of brilliance {unknown}
 A - a potion of resistance {unknown}


   Skills:
 + Level 4.5 Fighting
 + Level 2.9 Axes
 - Level 2.0 Dodging
 - Level 2.6 Stealth
 + Level 5.2 Spellcasting
 - Level 4.7 Conjurations
 + Level 4.5 Translocations
 + Level 4.1 Invocations


You had 10 spell levels left.
You knew the following spells:

 Your Spells              Type           Power      Damage    Failure   Level
a - Magic Dart            Conj           100%       1d8       1%          1
b - Searing Ray           Conj           54%        2d6       1%          2
c - Iskenderun's Mystic   Conj/Tloc      27%        2d7       14%         4

Your spell library contained the following spells:

 Spells                   Type           Power      Damage    Failure   Level
 Apportation              Tloc           52%        N/A       1%          1
 Sandblast                Erth           12%        2d6       10%         1
 Summon Small Mammal      Summ           24%        N/A       10%         1
 Stone Arrow              Conj/Erth      34%        3d9       11%         3
 Jinxbite                 Hex            12%        N/A       14%         2
 Call Canine Familiar     Summ           6%         N/A       28%         3
 Passwall                 Erth           6%         N/A       28%         3
 Brom's Barrelling Bould  Conj/Erth      17%        2d4       34%         4
 Fulminant Prism          Conj/Alch      8%         3d7       34%         4
 Summon Blazeheart Golem  Fire/Summ      6%         N/A       67%         4
 Alistair's Intoxication  Alch           4%         N/A       95%         5


Dungeon Overview and Level Annotations

Branches:
Dungeon (6/15)             Temple (1/1) D:4

Altars:
Ashenzari
Cheibriados
Dithmenos
Elyvilon
Fedhas
Gozag
Hepliaklqana
Kikubaaqudgha
Makhleb
Qazlal
Trog
Uskayaw
Vehumet
Xom
Yredelemnul
Zin
The Shining One

Shops:
D:4 *   D:5 =

Annotations:
D:6 Edmund


Innate Abilities, Weirdness & Mutations

You cannot wear most types of armour.
You are amphibious.
You can wear up to eight rings at the same time.
Your skin changes colour to match your surroundings (Stealth+).
Your rubbery body absorbs attacks. (AC +1, EV +1)
((You are camouflaged when in or above water. (Stealth+)))
You have tentacles for arms and can constrict up to eight enemies at once.


Message History

Edmund hits you with a +5 flail of draining!
You partially resist.
You feel drained.
You hit Edmund but do no damage. You squeeze Edmund!
Edmund is heavily wounded.
You constrict Edmund. Edmund closely misses you.
Casting: Searing Ray (safe; 1% risk of failure)
Confirm with . or Enter, or press ? or * to list all spells.
Aiming: Searing Ray (safe; 1% risk of failure)
Press: ? - help, Shift-Dir - straight line, f - Edmund
Aim: Edmund, wielding a +5 flail of draining and wearing a +0 chain mail (heavily wounded, constricted by you, 100% to hit)
The searing ray hits Edmund but does no damage.
Edmund is heavily wounded. (Press . to maintain the ray.)
You constrict Edmund, but do no damage. Edmund closely misses you.
The searing ray hits Edmund.
Edmund is severely wounded.
The searing ray hits the kobold brigand.
The kobold brigand is moderately wounded.
The searing ray misses the kobold.
You constrict Edmund.
Edmund hits you with a +5 flail of draining!
* * * LOW HITPOINT WARNING * * *
You partially resist.
You feel drained.
* * * LOW HITPOINT WARNING * * *
The searing ray hits Edmund but does no damage.
Edmund is severely wounded.
The searing ray hits the kobold brigand.
The kobold brigand is heavily wounded.
The searing ray hits the kobold!
You kill the kobold!
Cheibriados appreciates the change of pace.
You constrict Edmund.
Edmund hits you with a +5 flail of draining.
* * * LOW HITPOINT WARNING * * *
You partially resist.
You feel drained.
It was a potion of haste.
You feel yourself speed up.
Cheibriados forgives your accidental hurry, just this once.
You constrict Edmund.
Edmund hits you with a +5 flail of draining!
You die...
Edmund says, "That'll show my brother!"

# ....# # ....# ## ....#
#.# .##....# #.# .......#
### ########.# ....### ####
#.....##.# .....### .....
#.†...##.# #......#
....$####.....##.# .#....##
.._))K@@#.....##.#######
.#..#..#
.....##...............>.
)...#..# .....
###.....##.#####.# ...<...#
#### #.....##.# #.#
.).....###########.....##.#
#.#
.....##.##.#....#########.#
#.#
.....##....#....#########.#
#.#
.....####..#....'.......#.#
#.# ...###
##.##...#######.#.# #.#


You could see Edmund and a kobold brigand.

Vanquished Creatures
  Maggie (D:6)
  A water moccasin (D:5)
  2 black bears (D:5)
  An ogre (D:4)
  A bullfrog (D:6)
  2 scorpions (D:6)
  3 bombardier beetles
  A hound (D:6)
  2 jellies (D:6)
  2 orc priests (D:5)
  A sleepcap (D:6)
  Jessica (D:2)
  3 iguanas
  An orc wizard (D:5)
  Robin (D:3)
  4 adders
  A shadow imp (D:6)
  2 ufetubi (D:6)
  7 dart slugs
  A ribbon worm (D:3)
  7 orcs
  10 endoplasms
  6 giant cockroaches
  11 goblins
  7 hobgoblins
  3 jackals (D:3)
  5 quokkas
  10 ball pythons
  8 bats
  5 frilled lizards
  9 kobolds
  A rat (D:1)
120 creatures vanquished.

Notes
Turn   | Place    | Note
-------+----------+-------------------------------------------
     0 | D:1      | Ijustatesigmund the Octopode Conjurer began the quest for
                  | the Orb.
     0 | D:1      | Reached XP level 1. HP: 11/11 MP: 3/3
   266 | D:1      | Reached XP level 2. HP: 18/18 MP: 0/5
   439 | D:1      | Reached skill level 1 in Fighting
   861 | D:1      | Reached XP level 3. HP: 23/23 MP: 2/6
   864 | D:1      | Learned a level 2 spell: Searing Ray
  1438 | D:2      | Found a faded altar of an unknown god.
  1735 | D:2      | Noticed Jessica
  1748 | D:2      | Killed Jessica
  1749 | D:2      | Reached XP level 4. HP: 23/29 MP: 0/8
  2366 | D:3      | Found a hazy altar of Hepliaklqana.
  2473 | D:3      | Learned a level 4 spell: Iskenderun's Mystic Blast
  2559 | D:3      | Noticed Robin
  2577 | D:3      | Reached skill level 3 in Spellcasting
  2695 | D:3      | Reached XP level 5. HP: 25/34 MP: 9/9
  2698 | D:3      | Killed Robin
  2900 | D:3      | Reached skill level 1 in Translocations
  3092 | D:3      | Found a burning altar of Makhleb.
  3443 | D:4      | Identified the ring "Irath" {rF+ rN++ EV+5 Int-2 SInv}
  3851 | D:4      | Found Effeisty's Elemental Accessories.
  3884 | D:4      | Found a staircase to the Ecumenical Temple.
  3893 | Temple   | Entered the Ecumenical Temple
  3920 | Temple   | Became a worshipper of Cheibriados the Contemplative
  4039 | D:4      | Noticed an ogre
  4046 | D:4      | Killed an ogre
  4047 | D:4      | Reached skill level 1 in Invocations
  4047 | D:4      | Reached XP level 6. HP: 41/41 MP: 4/11
  4220 | D:4      | Found a stormy altar of Qazlal.
  4280 | D:5      | Entered Level 5 of the Dungeon
  4312 | D:5      | Reached skill level 4 in Spellcasting
  4761 | D:5      | Noticed a black bear
  4771 | D:5      | Killed a black bear
  4772 | D:5      | Reached XP level 7. HP: 46/46 MP: 5/13
  5751 | D:5      | Reached skill level 1 in Axes
  5834 | D:5      | Found Welat's Jewellery Shoppe.
  5845 | D:5      | Bought a ring of magical power for 200 gold pieces
  6061 | D:6      | Reached XP level 8. HP: 54/54 MP: 15/15
  6100 | D:6      | Reached * piety under Cheibriados
  6289 | D:6      | Found an ancient bone altar of Kikubaaqudgha.
  6365 | D:6      | Noticed Maggie
  6386 | D:6      | Killed Maggie
  6387 | D:6      | Reached skill level 5 in Spellcasting
  6719 | D:6      | Found a hide-covered altar of Uskayaw.
  6719 | D:6      | Noticed Edmund
  6733 | D:6      | Mangled by Edmund

Illustrated notes

Levels and vault maps discovered:
D:1:      minmay_arrival_checkered_box, layout_loops_ring
D:2:      layout_basic, ebering_ecumenical_altar_mist, uniq_jessica
D:3:      layout_rooms, old_standard_altar, nicolae_hepliaklqana_hazy_memory,
          minmay_joined_circles, uniq_robin
D:4:      layout_rooms, lemuel_coloured_pillars_altar, minmay_temple_entry_mist,
          nicolae_elemental_shop
D:5:      layout_basic, serial_shops, nicolae_shop_stone
D:6:      layout_basic, nicolae_uskayaw_dance_studio,
          mainiacjoe_overflow_cross_hatched, ebering_ghost_rock_garden,
          uniq_maggie, uniq_edmund
Temple:   hc_temple_tempest_star

Skill      XL: |  1  2  3  4  5  6  7  8 |
---------------+-------------------------+-----
Fighting       | 1 2 3 4 |  4.5
Spellcasting   | 3 4 5 |  5.2
Translocations | 2 3 4 |  4.5
Invocations    | 1 2 3 4 |  4.1
Axes           | 1 2 |  2.9
Dodging        | |  2.0
Stealth        | |  2.6
Conjurations   | |  4.7

Action                     |  1- 3 |  4- 6 |  7- 9 || total
---------------------------+-------+-------+-------++-------
  Melee: Unarmed           |    21 |       |       ||    21
         Constrict         |     8 |     9 |     9 ||    26
         Tentacles         |     4 |     5 |    15 ||    24
         Rapier            |       |    33 |       ||    33
         Punch             |       |     1 |       ||     1
         Short sword       |       |       |    10 ||    10
         Hand axe          |       |       |    26 ||    26
   Cast: Magic Dart        |    59 |    66 |    49 ||   174
         Searing Ray       |     1 |    10 |     8 ||    19
 Invoke: Bend Time         |       |       |     1 ||     1
    Use: Potion            |       |       |     3 ||     3
   Stab: Sleeping          |       |       |     4 ||     4
 Armour: Skin              |    11 |    18 |    21 ||    50
  Dodge: Dodged            |    27 |    37 |    52 ||   116
